 Dungeon Crawl Stone Soup version 0.22-a0-157-g169b76a (webtiles) character file.

1 mhoghedin the Conjurer (level 1, -2/10 HPs)
             Began as a Deep Elf Conjurer on Feb 8, 2018.
             Killed from afar by a dart slug (7 damage)
             ... with a slug dart
             ... on level 1 of the Dungeon.
             The game lasted 00:00:12 (21 turns).

mhoghedin the Conjurer (Deep Elf Conjurer)            Turns: 21, Time: 00:00:13

Health: -2/10      AC:  2    Str:  5    XL:     1   Next: 16%
Magic:  0/6        EV: 13    Int: 19    God:
Gold:   16         SH:  0    Dex: 15    Spells: 5/6 levels left

rFire    . . .     SeeInvis .   (no weapon)
rCold    . . .     Gourm    .   (no shield)
rNeg     . . .     Faith    .   a - +0 robe
rPois    .         Spirit   .   (no helmet)
rElec    .         Reflect  .   (no cloak)
rCorr    .         Harm     .   (no gloves)
MR       .....                  (no boots)
Stlth    ++........             (no amulet)
HPRegen  0.03/turn              (no ring)
MPRegen  0.10/turn              (no ring)

@: no status effects
A: no striking features
a: no special abilities


You were on level 1 of the Dungeon.
You were not hungry.

You visited 1 branch of the dungeon, and saw 1 of its levels.

You collected 16 gold pieces.

Inventory:

Armour
 a - a +0 robe (worn)
Scrolls
 d - a scroll of teleportation {unknown}
Books
 b - a book of Conjurations
Comestibles
 c - a ration


   Skills:
 + Level 2.4 Dodging
 - Level 2.4 Stealth
 + Level 3.0 Spellcasting
 + Level 4.4 Conjurations


You had 5 spell levels left.
You knew the following spells:

 Your Spells              Type           Power        Failure   Level  Hunger
a - Magic Dart            Conj           ###.         2%          1    None


Dungeon Overview and Level Annotations

Branches:
Dungeon (1/15)

Altars:


Message History

Welcome, mhoghedin the Deep Elf Conjurer.
Will you prevail where others failed? Will you find the Orb of Zot?
Found a staircase leading out of the dungeon.
Unknown command.
d - a scroll labeled TUNOFUKHLEI You now have 16 gold pieces.
You open the large door.
A hobgoblin comes into view.
There is a large open door here.
Aim: a hobgoblin (resting)
The magic dart hits the hobgoblin.
The hobgoblin shouts!
The hobgoblin hits you.
You take 1 damage, and have 9/10 hp.
You now have 5/6 mp.
Unknown command.
Aim: a hobgoblin (moderately wounded)
The magic dart hits the hobgoblin.
The hobgoblin misses you.
You now have 4/6 mp.
Aim: a hobgoblin (almost dead)
The magic dart hits the hobgoblin.
You kill the hobgoblin!
You now have 3/6 mp.
A dart slug comes into view.
You see here a hobgoblin corpse.
Aim: a dart slug (clinging, hasn't noticed you)
The magic dart hits the dart slug.
You now have 2/6 mp.
Aim: a dart slug (moderately wounded, clinging)
The magic dart hits the dart slug.
The dart slug launches a dart at you. The slug dart misses you.
A rat comes into view.
You now have 1/6 mp.
Aim: a dart slug (severely wounded, clinging)
The magic dart hits the dart slug.
The rat moves out of view.
The dart slug launches a dart at you. The slug dart hits you!
You take 4 damage, and have 5/10 hp.
MASSIVE DAMAGE!!
You now have 0/6 mp.
You hit the dart slug but do no damage. The dart slug launches a dart at you.
The slug dart hits you!
Ouch! That really hurt!
You die...

#.#. #.#.# #.#.#
#.... # #...# .#
.?.##.####
###########..wr...#
#8≈≈≈§≈≈≈8#.@#
#§........#†.#
#.........#..#
#....8....'.##
#<...8....'.#
#.........#..#
#.........#..#
#8≈≈≈≈≈§≈8#...
###########....


You could see a dart slug and a rat.

Vanquished Creatures
  A hobgoblin (D:1)
1 creature vanquished.

Notes
Turn   | Place    | Note
-------+----------+-------------------------------------------
     0 | D:1      | mhoghedin the Deep Elf Conjurer began the quest for the Orb.
     0 | D:1      | Reached XP level 1. HP: 10/10 MP: 6/6
    21 | D:1      | Killed from afar by a dart slug

Vault maps used:
D:1:      lightli_arrival_noodles, kennysheep_minor_cross,
          minmay_misc_feat_plants, serial_bayou_crossing

Action                   || total
-------------------------++-------
Melee: Unarmed           ||     1
 Cast: Magic Dart        ||     6
Dodge: Dodged            ||     2

Table legend:
 A = Spawn XP
 B = Non-spawn XP
 C = Spawn XP percentage of total XP
 D = Spawn monster count
 E = Non-spawn monster count
 F = Spawn count percentage of total count
 G = Total turns spent on level
                    A         B        C        D         E        F      G
               +---------+---------+-------+---------+---------+-------+---------
         Total |       0 |       2 |   0.0 |       0 |       1 |   0.0 |    21
               +---------+---------+-------+---------+---------+-------+---------
           D:1 |       0 |       2 |   0.0 |       0 |       1 |   0.0 |    21
               +---------+---------+-------+---------+---------+-------+---------

Vault maps used:
D:1:      lightli_arrival_noodles, kennysheep_minor_cross,
          minmay_misc_feat_plants, serial_bayou_crossing

Table legend:
 A = Turns spent in this place as a percentage of turns spent in the entire game.
 B = Non-inter-level travel turns spent in this place as a percentage of non-inter-level travel turns spent in the entire game.
 C = Inter-level travel turns spent in this place as a percentage of turns spent in this place.
 D = Turns resting spent in this place as a percentage of non-inter-level travel turns spent in this place.
 E = Turns spent auto-exploring this place as a percentage of non-inter-level travel turns spent in this place.
 F = Non-inter-level travel turns spent in this place divided by the number of levels of this place that you've seen.
                   A       B       C       D       E      F
               +-------+-------+-------+-------+-------+----------------------
         Total | 100.0 | 100.0 |   0.0 |   0.0 |  52.4 |  21.0
       Dungeon | 100.0 | 100.0 |   0.0 |   0.0 |  52.4 |  21.0
               +-------+-------+-------+-------+-------+----------------------

Table legend:
 A = Kills in this place as a percentage of kills in entire the game.
 B = Kills by you in this place as a percentage of kills by you in the entire game.
 C = Kills by friends in this place as a percentage of kills by friends in the entire game.
 D = Other kills in this place as a percentage of other kills in the entire game.
 E = Experience gained in this place as a percentage of experience gained in the entire game.
 F = Experience gained in this place divided by the number of levels of this place that you have seen.
                   A       B       C       D       E      F
               +-------+-------+-------+-------+-------+----------------------
         Total | 100.0 | 100.0 |   N/A |   N/A | 100.0 |   2.0
       Dungeon | 100.0 | 100.0 |   N/A |   N/A | 100.0 |   2.0
               +-------+-------+-------+-------+-------+----------------------
